[Event "Early-Titled-Tuesday-Blitz-February-20-2024"]
[Site "Chess.com"]
[Date "2024.02.20"]
[Round "5"]
[White "mjelcic"]
[Black "the_blue_pill"]
[Result "1-0"]
[WhiteElo "2202"]
[BlackElo "2380"]
[TimeControl "180+1"]
[EndTime "8:55:08 PST"]
[Termination "mjelcic won by resignation"]

1. d4 Nf6 2. c4 g6 3. Nc3 Bg7 4. e4 d6 5. Nf3 O-O 6. Bg5 c5 7.
dxc5 Qa5 8. Qd2 Qxc5 9. Be3 Qa5 10. Nd5 Qxd2+ 11. Nxd2 Nxd5 12. exd5 Bxb2 13. Rb1 Bg7 14. Bd3 b6 15. O-O Nd7 16. Rfe1 Bf6 17. Ne4 Nc5 18. Nxf6+ exf6 19. Bxc5 bxc5 20. Re7 Rd8 21. h4 Kf8 22.
Rbe1 h5 23. Rc7 Rd7 24. Rxd7 Bxd7 25. Rb1 Bc8 26. Bc2 Ba6 27. Bd3 Re8 28. Kf1 f5 29.
Rb3 Re7 30. Rb8+ Kg7 31. Rd8 Rb7 32. Rxd6 Rb6 33. Rd7 Rb7 34. Rxb7 Bxb7 35. f4 Kf6 36. Ke2 Bc8 37. Kd2 Bd7 38. Kc3 Ke7 39. Kb3 Kd6 40. Ka3 Kc7 41. Bc2 Bc8 42. Ba4 Ba6 43. Kb3 Kd8 44.
Bc6 Ke7 45. Bb5 Bxb5 46. cxb5 Kd6 47. Kc4 f6 48. a4 g5 49. g3 1-0

[Event "Early-Titled-Tuesday-Blitz-February-20-2024"]
[Site "Chess.com"]
[Date "2024.02.20"]
[Round "5"]
[White "MasterofMasters2006"]
[Black "WilsonPalencia21"]
[Result "0-1"]
[WhiteElo "2294"]
[BlackElo "2541"]
[TimeControl "180+1"]
[EndTime "8:55:09 PST"]
[Termination "WilsonPalencia21 won by resignation"]

1. d4 Nf6 2. c4 c5 3. d5 e6 4. Nc3 exd5 5. cxd5 d6 6. Bf4 a6 7. a4 Nh5 8. Bc1 g6 9. e4 Bg7 10. Be2 Nf6 11. Bf4 O-O 12. Nf3 Nh5 13. Bg5 Bf6 14. Bxf6 Qxf6 15. Nd2 Nf4 16. O-O Nd7 17. Nc4 Ne5 18.
Nxe5 Qxe5 19. Bf3 Bd7 20. Qb3 b5 21. axb5 axb5 22. Nxb5 Rab8 23. Ra5 Rb7 24. Qc4 Rfb8 25. Nc3 Rxb2 26. Nd1 R2b4 27. Qc1 Bb5 28. Re1 Nd3 29. Qd2 Nxe1 30. Qxe1 Ba4 31. g3 Bxd1 32. Bxd1 Rxe4 33. Qd2 Rd4 34. Qc2 Qe1+ 35. Kg2 Qxd1 0-1

[Event "Early-Titled-Tuesday-Blitz-February-20-2024"]
[Site "Chess.com"]
[Date "2024.02.20"]
[Round "5"]
[White "Supergiuly"]
[Black "dianamirza"]
[Result "1-0"]
[WhiteElo "2321"]
[BlackElo "1987"]
[TimeControl "180+1"]
[EndTime "8:55:09 PST"]
[Termination "Supergiuly won on time"]

1. g3 d5 2. Bg2 e5 3. d3 f5 4. Nd2 Nf6 5. e3 Bd6 6. Ne2 O-O 7. O-O c6 8. f4 e4 9. dxe4 fxe4 10. b3 Bg4 11. Bb2 Qd7 12. Qe1 Bh3 13. Rd1 Bxg2 14. Kxg2 Ng4 15. Nc3 Bc5 16. Ndxe4 Nxe3+ 17. Kh1 Qh3 18.
Rf2 Nxd1 19. Nxc5 Nxf2+ 20. Qxf2 Na6 21. Nxb7 Rae8 22. Ba3 Rf6 23. Nd6 Ree6 24. Nc8 Rh6 25. Ne2 Rxe2 26. Qxe2 Qxc8 27. Bb2 c5 28. Qe5 Qd7 29. Qe2 d4 30. Qc4+ 1-0

[Event "Early-Titled-Tuesday-Blitz-February-20-2024"]
[Site "Chess.com"]
[Date "2024.02.20"]
[Round "5"]
[White "Natalya_Buksa"]
[Black "Jumbo"]
[Result "0-1"]
[WhiteElo "2598"]
[BlackElo "2825"]
[TimeControl "180+1"]
[EndTime "8:55:10 PST"]
[Termination "Jumbo won by checkmate"]

1. d4 Nf6 2. Nc3 d5 3. Bf4 a6 4.
e3 c5 5. Nf3 cxd4 6. exd4 Nc6 7.
Ne5 Qb6 8. Nxc6 Qxc6 9. Be2 Bf5 10. O-O e6 11. Bd3 Bg6 12. Ne2 Be7 13. a4 O-O 14. c3 b5 15. axb5 axb5 16. Bxg6 hxg6 17. Bg5 b4 18. Qd3 Rfc8 19. h4 Qb7 20. Rxa8 Rxa8 21. Nf4 Ra2 22. cxb4 Qxb4 23. h5 Nxh5 24. Bxe7 Nxf4 25.
Qb1 Qxb2 26. Qd1 Qxd4 27. Qf3 Qe4 28. Qb3 Qxg2# 0-1

[Event "Early-Titled-Tuesday-Blitz-February-20-2024"]
[Site "Chess.com"]
[Date "2024.02.20"]
[Round "5"]
[White "BillCoe"]
[Black "FuenfgegenWilly"]
[Result "1-0"]
[WhiteElo "2150"]
[BlackElo "2457"]
[TimeControl "180+1"]
[EndTime "8:55:10 PST"]
[Termination "BillCoe won by checkmate"]

1. e4 Na6 2. Nf3 c6 3. d4 Nc7 4.
c3 d5 5. Bd3 dxe4 6. Bxe4 Nf6 7. Bc2 Bg4 8. h3 Bh5 9. O-O e6 10.
Bg5 h6 11. Bh4 Bd6 12. Nbd2 g5 13. Bg3 Bxg3 14. fxg3 g4 15. hxg4 Bxg4 16. Qe1 Nd7 17. Ne5 Nxe5 18. Qxe5 Rg8 19. Ne4 Kf8 20. Nd6 f5 21.
Nxf5 Ke8 22. Nxh6 Rf8 23. Rxf8+ Kxf8 24. Qf4+ Bf5 25. Nxf5 exf5 26. Qxf5+ Ke7 27. Re1+ Kd6 28. c4 b6 29. Qe5+ Kd7 30. Bf5+ Ne6 31. Bxe6+ Ke7 32. Bc8+ Kf8 33. Qf5+ Kg7 34. Qg4+ Kh6 35. Re6+ Kh7 36. Qg6+ Kh8 37. Re8+ Qxe8 38. Qxe8+ Kg7 39. Qe7+ Kh6 40. Bf5 Rh8 41. Qf6+ Kh5 42. g4# 1-0

[Event "Early-Titled-Tuesday-Blitz-February-20-2024"]
[Site "Chess.com"]
[Date "2024.02.20"]
[Round "5"]
[White "Magic-Nelwyn"]
[Black "Egor_Koshulyan"]
[Result "0-1"]
[WhiteElo "2480"]
[BlackElo "2618"]
[TimeControl "180+1"]
[EndTime "8:55:11 PST"]
[Termination "Egor_Koshulyan won on time"]

1. e4 c5 2. c3 Nf6 3. e5 Nd5 4. Bc4 e6 5. Nf3 d6 6. O-O Be7 7. d4 cxd4 8. cxd4 Nc6 9. Qe2 O-O 10. a3 Bd7 11. Nbd2 Qc7 12. Qe4 Rfd8 13. Bd3 g6 14.
Nc4 dxe5 15. Ncxe5 Nxe5 16. Nxe5 Bf6 17. Bf4 Qb6 18. b4 Bc6 19. Nxc6 Qxc6 20. Rac1 Qb6 21. Be5 Bxe5 22. dxe5 Rac8 23. Bc4 Ne7 24. Bb3 a5 25. h4 h5 26. g3 Nc6 27. Rc4 Nd4 0-1

[Event "Early-Titled-Tuesday-Blitz-February-20-2024"]
[Site "Chess.com"]
[Date "2024.02.20"]
[Round "5"]
[White "Triumphmate"]
[Black "bescmelasti"]
[Result "1/2-1/2"]
[WhiteElo "2517"]
[BlackElo "2641"]
[TimeControl "180+1"]
[EndTime "8:55:12 PST"]
[Termination "Game drawn by repetition"]

1. e4 e6 2. d4 d5 3. exd5 exd5 4. Bd3 Nf6 5. Nf3 Bd6 6. O-O O-O 7. c3 h6 8. Be3 Re8 9. Nbd2 Nc6 10. Qc2 Ne7 11. Ne5 c6 12. f4 Ng4 13. Rae1 Nxe3 14. Rxe3 f6 15. Bh7+ Kf8 16. Bg6 Nxg6 17. Qxg6 fxe5 18. fxe5+ Kg8 19. Rf7 Bf8 20. Rg3 Re7 21. Qxg7+ Bxg7 22.
Rgxg7+ Kh8 23. Rh7+ Kg8 24. Rhg7+ Kh8 25. Rh7+ Kg8 26.
Rhg7+ 1/2-1/2

[Event "Early-Titled-Tuesday-Blitz-February-20-2024"]
[Site "Chess.com"]
[Date "2024.02.20"]
[Round "5"]
[White "BozeKat"]
[Black "carloseduar100"]
[Result "0-1"]
[WhiteElo "2124"]
[BlackElo "2334"]
[TimeControl "180+1"]
[EndTime "8:55:15 PST"]
[Termination "carloseduar100 won by checkmate"]

1. c4 Nf6 2. g3 g6 3. Bg2 Bg7 4. Nc3 O-O 5. e4 d6 6. d3 Nbd7 7. Nge2 c5 8. O-O a6 9. a4 e5 10.
h3 Nh5 11. g4 Nhf6 12. f4 h5 13. g5 Nh7 14. f5 Nxg5 15. Nd5 Nh7 16. Nec3 Ndf6 17. Nxf6+ Nxf6 18. Bg5 Qb6 19. Bxf6 Bxf6 20. Nd5 Qd8 21. Qf3 Bg7 22. f6 Bh6 23. Kf2 Be6 24.
Ne7+ Kh7 25. h4 b5 26. cxb5 axb5 27. axb5 Qb6 28. Rg1 Qxb5 29. Qe2 Rxa1 30. Rxa1 c4 31. Bf3 cxd3 32. Qd1 Qxb2+ 33. Kg3 Bf4# 0-1

[Event "Early-Titled-Tuesday-Blitz-February-20-2024"]
[Site "Chess.com"]
[Date "2024.02.20"]
[Round "5"]
[White "Sina_Movahed"]
[Black "A-Fier"]
[Result "0-1"]
[WhiteElo "2959"]
[BlackElo "2822"]
[TimeControl "180+1"]
[EndTime "8:55:16 PST"]
[Termination "A-Fier won by resignation"]

1. e4 Nf6 2. e5 Nd5 3. d4 d6 4. c4 Nb6 5. f4 dxe5 6. fxe5 Nc6 7. Be3 Bf5 8. Nc3 e6 9. Nf3 Be7 10. Be2 O-O 11. O-O f6 12. exf6 Bxf6 13. h3 Qe7 14. g4 Bg6 15. g5 Bxd4 16. Nxd4 Rxf1+ 17. Bxf1 Ne5 18. Qe2 Nbxc4 19. Re1 Bd3 20. Qg2 Rf8 21.
Bxd3 Nxd3 22. Re2 Nxe3 23. Rxe3 Nf4 24. Qg4 Qc5 25. Nc2 e5 26. Kh2 Qd6 27. Qd1 Qg6 28. Rxe5 Nd3 29. Rd5 Nf2 30. Qe2 c6 31. Rd7 Qf5 0-1

[Event "Early-Titled-Tuesday-Blitz-February-20-2024"]
[Site "Chess.com"]
[Date "2024.02.20"]
[Round "5"]
[White "mbchess97"]
[Black "ozates"]
[Result "1-0"]
[WhiteElo "2468"]
[BlackElo "2573"]
[TimeControl "180+1"]
[EndTime "8:55:18 PST"]
[Termination "mbchess97 won by resignation"]

1. c4 e5 2. g3 c5 3. Bg2 Nc6 4. Nc3 g6 5. d3 Bg7 6. a3 a5 7. Nd5 Nge7 8. Bg5 d6 9. Rb1 O-O 10. h4 h6 11. Bf6 Be6 12. Bxg7 Kxg7 13. h5 g5 14. Qd2 Bxd5 15. cxd5 Nd4 16. b4 axb4 17.
axb4 b6 18. Nf3 Nxf3+ 19. Bxf3 f5 20. g4 fxg4 21. Bxg4 Rf4 22. Be6 Qf8 23. bxc5 bxc5 24. O-O Nf5 25. Rb7+ Kh8 26. e3 Rg4+ 27. Kh2 Rh4+ 28.
Kg2 Rxh5 29. Rf7 Nh4+ 30. Kg3 Qe8 31. Qe2 Nf5+ 32. Rxf5 Ra4 33. Rf7 Rah4 34. Qf3 Rg4+ 1-0

[Event "Early-Titled-Tuesday-Blitz-February-20-2024"]
[Site "Chess.com"]
[Date "2024.02.20"]
[Round "5"]
[White "BilodeauA"]
[Black "Lukianoo"]
[Result "1-0"]
[WhiteElo "3031"]
[BlackElo "2902"]
[TimeControl "180+1"]
[EndTime "8:55:19 PST"]
[Termination "BilodeauA won by resignation"]

1. e4 c6 2. d4 d5 3. e5 c5 4. dxc5 e6 5. c3 Bxc5 6. Qg4 Ne7 7. b4 Bb6 8. Qxg7 Rg8 9. Qxh7 Nbc6 10. Nf3 Qc7 11. Bf4 Bd7 12. Bg3 Nxb4 13. Be2 Nbc6 14. Na3 a6 15. O-O O-O-O 16. Qd3 Nf5 17. Rab1 Bc5 18.
Nc2 Rxg3 19. hxg3 Nxg3 20. Ncd4 Nxf1 21. Kxf1 Nxe5 22. Qxa6 Bc6 23. Nxe5 bxa6 24. Ndxc6 Qxe5 25. Nxe5 f6 26. Bxa6+ Kc7 27. Rb7+ 1-0

[Event "Early-Titled-Tuesday-Blitz-February-20-2024"]
[Site "Chess.com"]
[Date "2024.02.20"]
[Round "5"]
[White "David_George21"]
[Black "RantomOpening"]
[Result "0-1"]
[WhiteElo "2323"]
[BlackElo "2543"]
[TimeControl "180+1"]
[EndTime "8:55:19 PST"]
[Termination "RantomOpening won by resignation"]

1. e4 c5 2. Nf3 e6 3. d4 cxd4 4. Nxd4 Nf6 5. Bd3 Nc6 6. Nxc6 bxc6 7. Qe2 d5 8. e5 Nd7 9. O-O Nc5 10. c3 Nxd3 11.
Qxd3 a5 12. f4 Ba6 13. Qf3 Bxf1 14. Kxf1 Qb6 15. Nd2 a4 16. Ke2 Bc5 17. g4 h5 18.
g5 Qb5+ 19. Kd1 h4 20. h3 g6 21. Nf1 O-O-O 22. Kc2 d4 23. Nd2 d3+ 24. Kd1 Be7 25. Ne4 d2 26. Bxd2 Qxb2 27. Rc1 Ba3 28. Ke2 Kc7 29. Nd6 Bxd6 30. exd6+ Rxd6 31. Qe3 Rhd8 32. Qa7+ Kc8 33. Qa8+ Kd7 34. Qa7+ Ke8 0-1

[Event "Early-Titled-Tuesday-Blitz-February-20-2024"]
[Site "Chess.com"]
[Date "2024.02.20"]
[Round "5"]
[White "Ati1517"]
[Black "KetiTsatsalashvili"]
[Result "0-1"]
[WhiteElo "2233"]
[BlackElo "2433"]
[TimeControl "180+1"]
[EndTime "8:55:20 PST"]
[Termination "KetiTsatsalashvili won by resignation"]

1. e4 c5 2. Nf3 d6 3. d4 cxd4 4. Nxd4 Nf6 5. Nc3 Nc6 6. Be3 Ng4 7. Bb5 Bd7 8. Nxc6 Nxe3 9. fxe3 Bxc6 10. Bxc6+ bxc6 11. O-O g6 12. e5 Bh6 13. Qf3 O-O 14. exd6 Qxd6 15. Ne4 Qe5 16. Rae1 Qxb2 17. Nc5 Qc3 18. Nd3 Bg7 19. e4 Qxc2 20. e5 e6 21. Rc1 Qxa2 22. Rxc6 Qd5 23. Qxd5 exd5 24. Rd6 Rfd8 25. Rc1 Rxd6 26.
exd6 Rd8 27. Rc6 Bf8 28. Rc7 Bxd6 29. Rb7 a5 30. Rb6 Bc7 31. Rb7 Rc8 32. Ra7 Bb6+ 0-1

[Event "Early-Titled-Tuesday-Blitz-February-20-2024"]
[Site "Chess.com"]
[Date "2024.02.20"]
[Round "5"]
[White "tptagain"]
[Black "JSPrepz"]
[Result "1-0"]
[WhiteElo "2983"]
[BlackElo "2871"]
[TimeControl "180+1"]
[EndTime "8:55:25 PST"]
[Termination "tptagain won on time"]

1. d4 Nf6 2. Nf3 c5 3. e3 g6 4. dxc5 Qa5+ 5. Nbd2 Qxc5 6. a3 Bg7 7. b4 Qc7 8. Bb2 O-O 9. Be2 d6 10. c4 a5 11. O-O Nc6 12. Qb3 Be6 13. Ng5 Bd7 14.
Rfc1 Rfc8 15. c5 d5 16. e4 axb4 17. axb4 Rxa1 18. Rxa1 Qf4 19. exd5 Nxb4 20. d6 e6 21. Ngf3 Rxc5 22. g3 Qxd6 23. Nc4 Rxc4 24. Bxc4 Nfd5 25.
Ra8+ Bf8 26. Bxd5 Nxd5 27. Ba3 1-0

[Event "Early-Titled-Tuesday-Blitz-February-20-2024"]
[Site "Chess.com"]
[Date "2024.02.20"]
[Round "5"]
[White "Ural_bogatyr"]
[Black "gm_rashid"]
[Result "1-0"]
[WhiteElo "2593"]
[BlackElo "2459"]
[TimeControl "180+1"]
[EndTime "8:55:26 PST"]
[Termination "Ural_bogatyr won by checkmate"]

1. d4 Nf6 2. Nc3 d5 3. Bf4 e6 4.
Nb5 Na6 5. e3 c6 6. Nc3 Nc7 7. Nf3 Bd6 8. Ne5 O-O 9. Bd3 g6 10. h4 Nh5 11. Bh6 Ng7 12. h5 Bxe5 13. dxe5 f5 14. exf6 Qxf6 15. f4 e5 16. Bg5 Qd6 17. Qd2 Nce6 18. O-O-O Nxg5 19. fxg5 Bf5 20. e4 Bg4 21. hxg6 hxg6 22. exd5 Bxd1 23. dxc6 Qxc6 24. Be4 Qc4 25. Bd5+ Qxd5 26. Qxd5+ Rf7 27. Ne4 Nf5 28. Nf6+ Kg7 29. Rh7+ Kf8 30. Rxf7# 1-0

[Event "Early-Titled-Tuesday-Blitz-February-20-2024"]
[Site "Chess.com"]
[Date "2024.02.20"]
[Round "5"]
[White "Rodalquilar"]
[Black "Bigfish1995"]
[Result "0-1"]
[WhiteElo "2751"]
[BlackElo "3168"]
[TimeControl "180+1"]
[EndTime "8:55:28 PST"]
[Termination "Bigfish1995 won by resignation"]

1. d4 Nf6 2. Nf3 b6 3. Bf4 Bb7 4. e3 e6 5. Nbd2 Bd6 6. Bg3 Bxg3 7. hxg3 h6 8. Bd3 c5 9. c3 Nc6 10. a3 Qc7 11. e4 d5 12. e5 Nd7 13. g4 cxd4 14. cxd4 Nxd4 15. Nxd4 Qxe5+ 16. Ne2 Qxb2 17.
Qc1 Nc5 18. Rh3 Qf6 19. Bb5+ Ke7 20. Rf3 Qh4 21. Qb2 f6 22. Rg3 a6 23. Nf4 Qg5 24. Nd3 axb5 25. Nxc5 bxc5 26. Qxb5 Qe5+ 27. Re3 Qxa1+ 28.
Nb1 Rhb8 29. Qxc5+ Kf7 30. Qc7+ Kg8 31. Rb3 Qe5+ 32.
Kf1 Qxc7 0-1

[Event "Early-Titled-Tuesday-Blitz-February-20-2024"]
[Site "Chess.com"]
[Date "2024.02.20"]
[Round "5"]
[White "HamedWafa4"]
[Black "hansen"]
[Result "1-0"]
[WhiteElo "2726"]
[BlackElo "2906"]
[TimeControl "180+1"]
[EndTime "8:55:28 PST"]
[Termination "HamedWafa4 won by resignation"]

1. e4 d6 2. d4 Nf6 3. Nc3 e5 4. dxe5 dxe5 5. Qxd8+ Kxd8 6. Nf3 Bd6 7. Bc4 Ke8 8. Bg5 Nbd7 9. O-O-O a6 10. a4 h6 11.
Be3 Ng4 12. h3 Nxe3 13. fxe3 Nf6 14. Nh4 Bb4 15. Nd5 Nxd5 16. Bxd5 g6 17. Rhf1 Rh7 18.
Rf3 Be7 19. g3 c6 20. Bb3 Bxh3 21. Rh1 Bg4 22. Rf2 Bg5 23. Ng2 Rd8 24. Rhf1 f6 25.
a5 Rhd7 26. c3 Rd1+ 27. Bxd1 Bh3 28. Re1 Be6 29. Nh4 Bf7 30. Nf3 Ke7 31. Nxg5 hxg5 32.
Rh1 c5 33. Rh7 c4 34. Be2 Rc8 35. Bg4 Rc6 36. Rd2 Rc7 37. Rd7+ Rxd7 38. Bxd7 Kf8 39. Bc8 1-0

[Event "Early-Titled-Tuesday-Blitz-February-20-2024"]
[Site "Chess.com"]
[Date "2024.02.20"]
[Round "5"]
[White "shailendrabajpai"]
[Black "ChainedDowntohell"]
[Result "0-1"]
[WhiteElo "2415"]
[BlackElo "2563"]
[TimeControl "180+1"]
[EndTime "8:55:29 PST"]
[Termination "ChainedDowntohell won on time"]

1. e4 e6 2. d4 a6 3. c4 d5 4. cxd5 exd5 5. e5 c5 6. f4 Nc6 7. Nf3 Bg4 8. dxc5 Bxc5 9. Nc3 Nge7 10. Be2 O-O 11. h3 Bxf3 12. Bxf3 Nf5 13. h4 Qb6 14. g4 Bf2+ 15. Kf1 Ng3+ 16. Kg2 Nxh1 17. Nxd5 Qd4 18. Qxh1 Rfd8 19. Qf1 Bxh4 20. Be3 Qxb2+ 21. Kh3 Ne7 22. Rb1 Qxa2 23. Nxe7+ Bxe7 24. Rxb7 Qa3 25. Qe2 Rac8 26. e6 Rc3 27. exf7+ Kf8 28. Rxe7 Qxe7 0-1

[Event "Early-Titled-Tuesday-Blitz-February-20-2024"]
[Site "Chess.com"]
[Date "2024.02.20"]
[Round "5"]
[White "tusplingher"]
[Black "regenda"]
[Result "0-1"]
[WhiteElo "2471"]
[BlackElo "2258"]
[TimeControl "180+1"]
[EndTime "8:55:29 PST"]
[Termination "regenda won by checkmate"]

1. e4 c5 2. Nf3 e6 3. d4 cxd4 4. Nxd4 Nc6 5. Nc3 Qc7 6. Qd3 Nf6 7. Ndb5 Qb8 8. Qg3 d6 9. Be3 h5 10. O-O-O Ne5 11. h3 h4 12. Qh2 a6 13. Nd4 Bd7 14.
f4 Nc6 15. Nxc6 Bxc6 16. Bd3 b5 17. e5 b4 18. exf6 bxc3 19. bxc3 gxf6 20. Bd4 Rg8 21. Rhg1 e5 22. Be3 Rg3 23. Rde1 Bh6 24. Bd2 Kf8 25. fxe5 Bxd2+ 26. Kxd2 dxe5 27. Be4 Qd6+ 28. Kc1 Qa3+ 29. Kd1 Rd8+ 30. Bd3 Rdxd3+ 31. cxd3 Qxc3 32. Qxg3 hxg3 33. Ke2 Qc2+ 34. Ke3 Qf2# 0-1

[Event "Early-Titled-Tuesday-Blitz-February-20-2024"]
[Site "Chess.com"]
[Date "2024.02.20"]
[Round "5"]
[White "AlexPapasimakopoulos"]
[Black "Grande_Strategia"]
[Result "1-0"]
[WhiteElo "2759"]
[BlackElo "2522"]
[TimeControl "180+1"]
[EndTime "8:55:30 PST"]
[Termination "AlexPapasimakopoulos won by resignation"]

1. d4 f6 2. e4 Kf7 3. f4 g6 4. Nf3 Bg7 5. Bc4+ e6 6. d5 Ke8 7. Nc3 c6 8. Be3 b5 9. Bb3 a5 10. dxe6 dxe6 11. Qxd8+ Kxd8 12. O-O-O+ Ke8 13. Nd4 e5 14.
fxe5 fxe5 15. Ne6 Bxe6 16. Bxe6 Bh6 17. Bxh6 Nxh6 18. Rhf1 Ke7 19. Bh3 g5 20. Bf5 Ra7 21.
a4 b4 22. Ne2 Na6 23. b3 Nc5 24. Ng3 Raa8 25. Rf3 Rad8 26. Rh1 Rdf8 27. h4 g4 28. Re3 Ne6 29. Bxe6 Kxe6 30. Rd1 Rd8 31. Red3 Rxd3 32. cxd3 Rf8 33. Nf1 Nf7 34. Ne3 Nd6 35. Nxg4 Rg8 36. Ne3 Rg3 37. Kd2 Nb7 38. Rc1 Kd6 39. Nf5+ 1-0

[Event "Early-Titled-Tuesday-Blitz-February-20-2024"]
[Site "Chess.com"]
[Date "2024.02.20"]
[Round "5"]
[White "Cambek64"]
[Black "Huragan007"]
[Result "0-1"]
[WhiteElo "2472"]
[BlackElo "2610"]
[TimeControl "180+1"]
[EndTime "8:55:30 PST"]
[Termination "Huragan007 won on time"]

1. b3 Nf6 2. Bb2 g6 3. Bxf6 exf6 4. d4 Bg7 5. e3 O-O 6. g3 c6 7. Bg2 d5 8. Ne2 h5 9. c4 Be6 10. cxd5 Bxd5 11. Bxd5 Qxd5 12. O-O h4 13. Nbc3 Qd7 14. Nf4 hxg3 15. hxg3 f5 16. Kg2 Na6 17. Rc1 Nc7 18. Qf3 Ne6 19. Nh3 Rfe8 20. g4 Nxd4 21. Qd1 fxg4 22.
Nf4 Qf5 23. Nce2 Qe4+ 24. Kh2 Nf3+ 25. Kg3 g5 26. Ng2 Be5+ 27. Nef4 gxf4+ 28. exf4 Bg7 29. Rh1 Rad8 30. Qf1 Nd2 0-1

[Event "Early-Titled-Tuesday-Blitz-February-20-2024"]
[Site "Chess.com"]
[Date "2024.02.20"]
[Round "5"]
[White "ckgchess"]
[Black "vladgoncharov"]
[Result "1-0"]
[WhiteElo "2866"]
[BlackElo "2646"]
[TimeControl "180+1"]
[EndTime "8:55:31 PST"]
[Termination "ckgchess won by resignation"]

1. e4 e6 2. d4 d5 3. Nd2 c5 4. Ngf3 Nf6 5. exd5 Qxd5 6. Bc4 Qd8 7.
O-O cxd4 8. Nb3 Nc6 9. Qe2 a6 10. Rd1 Qc7 11. Nbxd4 Nxd4 12. Rxd4 b5 13. Bd3 Bc5 14.
Rh4 Bb7 15. Bg5 h6 16. a4 b4 17. a5 Nd5 18. Re1 Be7 19. Bxe7 Qxe7 20. Rg4 O-O 21.
Qe5 f6 22. Qg3 f5 23. Rg6 Rf6 24. Rxf6 Qxf6 25. Qd6 Re8 26. b3 Qc3 27. Rxe6 Qa1+ 28. Bf1 Rf8 29. Re1 Qc3 30. Bc4 Kh8 31. Qxf8+ 1-0

[Event "Early-Titled-Tuesday-Blitz-February-20-2024"]
[Site "Chess.com"]
[Date "2024.02.20"]
[Round "5"]
[White "angelgab3"]
[Black "seasidesunset"]
[Result "1-0"]
[WhiteElo "2769"]
[BlackElo "2275"]
[TimeControl "180+1"]
[EndTime "8:55:34 PST"]
[Termination "angelgab3 won by checkmate"]

1. e4 e6 2. d4 d5 3. Nc3 Nf6 4. e5 Nfd7 5. f4 c5 6. Nf3 Nc6 7. Be3 Qb6 8. Na4 Qa5+ 9. c3 b6 10. a3 c4 11. b4 cxb3 12. Qxb3 Ba6 13. Nb2 Bxf1 14. Kxf1 Qa6+ 15. Kf2 Na5 16. Qa4 b5 17. Qc2 Rc8 18. Rhc1 Be7 19. Nd2 O-O 20. Qd3 Nc4 21.
Nbxc4 bxc4 22. Qc2 Rb8 23. Rcb1 f6 24. Nf3 fxe5 25.
fxe5 Rxb1 26. Rxb1 Qxa3 27. Rb7 Rd8 28. Bg5 Rb8 29.
Bc1 Rxb7 30. Bxa3 Bxa3 31. Qa4 Be7 32. Qa6 Rb2+ 33. Kg3 Nf8 34. Qxa7 Rb3 35. Qxe7 Rxc3 36. h3 Rd3 37. Kh2 c3 38. Ng5 c2 39. Qf7+ Kh8 40.
Qxf8# 1-0

[Event "Early-Titled-Tuesday-Blitz-February-20-2024"]
[Site "Chess.com"]
[Date "2024.02.20"]
[Round "5"]
[White "m_ezat"]
[Black "Christ_is_alive"]
[Result "1-0"]
[WhiteElo "2517"]
[BlackElo "2277"]
[TimeControl "180+1"]
[EndTime "8:55:34 PST"]
[Termination "m_ezat won by resignation"]

1. d4 Nf6 2. c4 g6 3. Nc3 Bg7 4. e4 d6 5. Be2 O-O 6. Bg5 c5 7. d5 h6 8. Bf4 Na6 9. Qd2 Kh7 10. h3 Nc7 11. Nf3 Rb8 12. e5 Nfe8 13. O-O Bd7 14. Ne4 Bf5 15. Ng3 Bd7 16. a4 a6 17. Ne4 Bf5 18. Bd3 b5 19. axb5 axb5 20. g4 bxc4 21.
Bc2 Bc8 22. Rfe1 Rxb2 23. Ra7 Nxd5 24. Qxd5 Rxc2 25. exd6 exd6 26. Rxf7 Rxf7 27. Qxf7 Qd7 28. Neg5+ hxg5 29. Nxg5+ Kh8 30. Rxe8+ 1-0

[Event "Early-Titled-Tuesday-Blitz-February-20-2024"]
[Site "Chess.com"]
[Date "2024.02.20"]
[Round "5"]
[White "Barmen_EV"]
[Black "tsaruk_maks"]
[Result "0-1"]
[WhiteElo "2518"]
[BlackElo "2744"]
[TimeControl "180+1"]
[EndTime "8:55:37 PST"]
[Termination "tsaruk_maks won on time"]

1. e4 e5 2. Nf3 Nc6 3. d4 exd4 4. Bc4 Nf6 5. O-O Nxe4 6. Nc3 dxc3 7. Bxf7+ Kxf7 8.
Qd5+ Ke8 9. Re1 Ne7 10. Rxe4 c6 11. Qd6 Kf7 12. Bg5 Ng6 13. Qd4 Qb6 14. Rf4+ Kg8 15. Qe4 d5 16. Qe8 Nxf4 17. Be7 Ng6 18. Ng5 Be6 19.
Qxa8 cxb2 20. Rb1 Bf7 21. Bxf8 Nxf8 22. Qc8 h6 23. Nf3 Bg6 24. Ne1 Kh7 25. Qg4 Be4 0-1

[Event "Early-Titled-Tuesday-Blitz-February-20-2024"]
[Site "Chess.com"]
[Date "2024.02.20"]
[Round "5"]
[White "profedechess93"]
[Black "Zq1"]
[Result "0-1"]
[WhiteElo "2629"]
[BlackElo "2523"]
[TimeControl "180+1"]
[EndTime "8:55:38 PST"]
[Termination "Zq1 won by resignation"]

1. e4 c5 2. Nf3 d6 3. Bb5+ Bd7 4.
Bxd7+ Qxd7 5. O-O Nc6 6. Re1 Nf6 7. c3 e6 8. d4 cxd4 9. cxd4 d5 10. e5 Ne4 11. a3 Be7 12. Nbd2 Nxd2 13. Bxd2 h6 14. Rc1 Rc8 15. Rc3 b6 16. h4 O-O 17. Rd3 Na5 18. Nh2 Kh8 19. Bxh6 f5 20. Bxg7+ Kxg7 21. Rg3+ Kh6 22. Qd2+ Kh7 23. Nf3 Rg8 24. Ng5+ Bxg5 25. hxg5 Kg6 26. Rh3 Rh8 27. Qe3 Nc4 28. Qf3 Nd2 29. Qd3 Ne4 30. Rh6+ Rxh6 31. gxh6 Kh7 32. f3 Ng5 33. Qe3 Rg8 34. Kh1 Qf7 35. Qf4 Qh5+ 36. Qh2 Qxh2+ 37. Kxh2 Rc8 38. Rd1 Kxh6 39. Rd2 f4 0-1

[Event "Early-Titled-Tuesday-Blitz-February-20-2024"]
[Site "Chess.com"]
[Date "2024.02.20"]
[Round "5"]
[White "Bkmzzzzz"]
[Black "AnaKuchava"]
[Result "1-0"]
[WhiteElo "2414"]
[BlackElo "2210"]
[TimeControl "180+1"]
[EndTime "8:55:39 PST"]
[Termination "Bkmzzzzz won by resignation"]

1. e4 c5 2. Nf3 d6 3. d4 cxd4 4. Qxd4 a6 5. Be3 Nc6 6. Qb6 Qxb6 7. Bxb6 Nf6 8. Nc3 Nd7 9. Na4 e6 10. O-O-O Be7 11. Bc7 b5 12. Nc3 b4 13. Na4 Nc5 14.
Nb6 Ra7 15. Bxd6 Bb7 16. Bxe7 Kxe7 17. Bd3 a5 18. Nd2 a4 19. b3 axb3 20. axb3 Ra2 21. Kb1 Ra7 22. f3 Nd7 23. Nxd7 Kxd7 24. Kb2 Rha8 25.
Ra1 Nd4 26. Nc4 Kc7 27. Rxa7 Rxa7 28. Rd1 f6 29. Ne3 e5 30. Bc4 Kb6 31. Nf5 g6 32. Nxd4 exd4 33. Rxd4 Kc5 34. Rd7 Bc6 35. Rxa7 1-0

[Event "Early-Titled-Tuesday-Blitz-February-20-2024"]
[Site "Chess.com"]
[Date "2024.02.20"]
[Round "5"]
[White "LimeInTheCoconut"]
[Black "Yushko_Olga"]
[Result "1-0"]
[WhiteElo "2410"]
[BlackElo "2195"]
[TimeControl "180+1"]
[EndTime "8:55:39 PST"]
[Termination "LimeInTheCoconut won by resignation"]

1. e4 e6 2. d4 d5 3. Nc3 Nf6 4. e5 Nfd7 5. f4 c5 6. Nf3 Nc6 7. Be3 Qb6 8. a3 cxd4 9. Nxd4 Nxd4 10. Bxd4 Bc5 11. Na4 Qa5+ 12. b4 Qxa4 13. bxc5 Qc6 14. Rb1 a6 15. Qg4 g6 16. Bd3 Nxc5 17. O-O Nxd3 18.
cxd3 O-O 19. Rfc1 Qe8 20. Bc5 b5 21. Qh4 Bd7 22. Be7 f5 23. Bxf8 Qxf8 24. Rc7 Qe8 25. Qf6 a5 26. Rxb5 Rc8 27. Rbb7 Rxc7 28. Rxc7 a4 29. h4 d4 30. h5 gxh5 31. Kh2 h4 32. Kh3 Qh5 33. Qg5+ Qxg5 34. fxg5 Bb5 35. Kxh4 Bxd3 36. Rd7 Be4 37. Rxd4 Bc6 38. Rd6 Bxg2 39. Rxe6 Be4 40. g6 hxg6 41. Kg5 Kf7 42. Rxg6 Bc2 43.
Rc6 Ke7 44. Rxc2 1-0